AoeStats
← iM 我要打十个

Nomad

508383096Analyzed
4v4 RM · 11d ago on Sep 22, 2026· 24m 6s· 8 players
Game mode
Random Map
Map size
231×231
Population
200
Speed
Normal
Resources
Standard
Victory
Conquest
Starting age
Dark Age
Ending age
Imperial Age
RankedLock teamsTeams togetherTeam positionsShared explorationLock speedFull tech treeHidden civsTurbo modeCheats
Victory
Defeat
🇦🇷 Spanish · Argentina
1593
+7
🇨🇳 Dravidians · China
1412
+13
🇨🇳 Khmer · China
1215
+21
🇨🇳 Persians · China
1113
+25
🇺🇦 Spanish · Ukraine
1359
-17
🇨🇳 Sicilians · China
1351
-17
🇹🇼 Wei · Taiwan
1338
-16
1335
-16
嚯嚯嚯嚯
10:23 Loom
12:57 Feudal Age
17:34 Castle Age
16:37 Double-Bit Axe
18:33 Fletching
22:56 Fishing Lines
24:52 Bloodlines
iM 我要打十个
5:53 Loom
7:54 Loom
15:26 Feudal Age
19:32 Castle Age
17:54 Horse Collar
18:03 Fishing Lines
18:28 Double-Bit Axe
19:48 Gold Mining
21:32 Gillnets
23:55 Scale Barding Armor
不会打弓
4:50 Loom
14:02 Feudal Age
17:57 Castle Age
16:12 Double-Bit Axe
16:20 Fishing Lines
19:41 Medium Warships
20:50 Forging
20:29 Horse Collar
24:21 Wheelbarrow
dy小妖
9:15 Loom
13:21 Feudal Age
14:41 Town Watch
17:21 Castle Age
15:26 Double-Bit Axe
16:10 Horse Collar
18:40 Bow Saw
20:42 Heavy Plow
21:19 Wheelbarrow
24:12 Gold Mining
Skyle
7:39 Loom
15:58 Feudal Age
16:39 Double-Bit Axe
16:44 Fishing Lines
21:51 Castle Age
CNZS_溪超
4:52 Loom
15:48 Feudal Age
21:35 Castle Age
20:17 Fletching
20:15 Double-Bit Axe
21:02 Gold Mining
22:03 Scale Mail Armor
thomas89671173
6:15 Loom
14:13 Feudal Age
15:15 Double-Bit Axe
17:53 Town Watch
18:06 Fishing Lines
2ʙ♥ˡᵒᵛᵉᵧₒᵤ
3:17 Loom
13:52 Feudal Age
15:33 Fishing Lines
15:42 Double-Bit Axe
17:31 Horse Collar
20:37 Castle Age
21:01 Wheelbarrow
Connection lost

Rejoining the realm…

Still unreachable

The connection could not be restored.

Session expired

The server has moved on; the page needs a fresh start.